 Dungeon Crawl Stone Soup version 0.29-a0-194-g6e3aafee17 (webtiles) character file.

Game seed: 7092143231214203628

43 iguanaiguana the Grasshopper (level 3, -2/29 HPs)
             Began as a Palentonga Warper on Feb 22, 2022.
             Killed from afar by a dart slug (4 damage)
             ... with a slug dart
             ... on level 1 of the Dungeon.
             The game lasted 00:04:10 (1256 turns).

iguanaiguana the Grasshopper (Palentonga Warper)    Turns: 1256, Time: 00:04:11

Health: -2/29      AC:  4    Str: 14    XL:     3   Next: 37%
Magic:  6/6        EV:  9    Int: 15    God:
Gold:   21         SH:  0    Dex:  9    Spells: 4/6 levels left

rFire   . . .      SeeInvis +   a - +0 mace
rCold   . . .      Faith    .   (no shield)
rNeg    . . .      Spirit   .   b - +0 leather armour
rPois   .          Reflect  .   (no helmet)
rElec   .          Harm     .   (no cloak)
rCorr   .          Rampage  .   (no gloves)
Will    .....                   (no barding)
Stlth   +.........              (no amulet)
HPRegen 0.09/turn               (no ring)
MPRegen 0.10/turn               (no ring)

@: no status effects
A: large, rugged brown scales 3, see invisible, deformed body, roll 1, armoured
tail
a: Rolling Charge


You were on level 1 of the Dungeon.
You visited 1 branch of the dungeon, and saw 1 of its levels.

You collected 21 gold pieces.

Inventory:

Hand Weapons
 a - a +0 mace (weapon)
Missiles
 d - 4 boomerangs of dispersal (quivered)
Armour
 b - a +0 leather armour (worn)
 g - a +0 ring mail
Jewellery
 f - a ring of wizardry
Scrolls
 c - a scroll of blinking {@r4}
 e - a scroll of enchant weapon {unknown}
 i - a scroll of identify {unknown}
Potions
 h - a potion of curing {unknown}


   Skills:
 + Level 2.5 Fighting
 - Level 2.0 Maces & Flails
 - Level 0.6 Throwing
 - Level 0.7 Armour
 - Level 1.5 Dodging
 + Level 2.4 Spellcasting
 * Level 3.8 Translocations


You had 4 spell levels left.
You knew the following spells:

 Your Spells              Type           Power      Damage    Failure   Level
a - Blink                 Tloc           26%        N/A       9%          2

Your spell library contained the following spells:

 Spells                   Type           Power      Damage    Failure   Level
 Gell's Gravitas          Tloc           13%        N/A       17%         3
 Lesser Beckoning         Tloc           13%        N/A       17%         3
 Teleport Other           Tloc           13%        N/A       17%         3
 Manifold Assault         Tloc           13%        N/A       83%         5


Dungeon Overview and Level Annotations

Branches:
Dungeon (1/15)

Altars:


Innate Abilities, Weirdness & Mutations

You are completely covered in rugged brown scales. (AC +3, +7% HP)
You have supernaturally acute eyesight. (SInv)
Armour fits poorly on your strangely shaped body.
You can roll at nearby foes to attack.
You have a long armoured tail.


Message History

You hit the hobgoblin.
The hobgoblin is moderately wounded.
The hobgoblin barely misses you.
You hit the hobgoblin. You tail-slap the hobgoblin.
You kill the hobgoblin!
The goblin barely misses you.
You completely miss the goblin. The goblin hits you but does no damage.
Press: ? - help, v - describe, . - travel, g - get item
Here: a goblin, wielding a +2 dagger of electrocution
Items here: a hobgoblin corpse; a frilled lizard corpse.
The floor.
You barely miss the goblin.
The goblin hits you with a +2 dagger of electrocution.
You barely miss the goblin.
The goblin hits you with a +2 dagger of electrocution.
You hit the goblin.
You kill the goblin!
You hit the hobgoblin. You tail-slap the hobgoblin.
You kill the hobgoblin!
The dart slug launches a dart at you. The slug dart hits you.
* * * LOW HITPOINT WARNING * * *
Things that are here:
a +2 dagger of electrocution; a hobgoblin corpse; a goblin corpse The dart slug launches a dart at you.
The slug dart hits you.
* * * LOW HITPOINT WARNING * * *
The dart slug launches a dart at you. The slug dart hits you.
* * * LOW HITPOINT WARNING * * *
You hit the dart slug.
The dart slug is heavily wounded.
The dart slug closely misses you.
You barely miss the dart slug.
The dart slug is heavily wounded.
You hit the dart slug.
The dart slug is almost dead.
The dart slug launches a dart at you. The slug dart hits you.
You die...

###.#.########### #........#
#.. #........# #.#
#.....#### #.#
###.#.#########.#
#.#........[#.# #.....r#
#.#########.#)# #...g..# #.#
#.#.# #......# #.# #.#@#
#......# #.# #.#w# #......#
#.#########.#.# #......###
#......)......#####.........
###########......†w.....#
#########.....# #######


You could see a dart slug.

Vanquished Creatures
  A gnoll (D:1)
  4 bats (D:1)
  2 endoplasms (D:1)
  A giant cockroach (D:1)
  3 goblins (D:1)
  6 hobgoblins (D:1)
  6 jackals (D:1)
  2 ball pythons (D:1)
  2 frilled lizards (D:1)
  A rat (D:1)
28 creatures vanquished.

Notes
Turn   | Place    | Note
-------+----------+-------------------------------------------
     0 | D:1      | iguanaiguana the Palentonga Warper began the quest for the
                  | Orb.
     0 | D:1      | Reached XP level 1. HP: 17/17 MP: 3/3
   415 | D:1      | Reached XP level 2. HP: 23/23 MP: 5/5
   689 | D:1      | Learned a level 2 spell: Blink
   989 | D:1      | Reached XP level 3. HP: 27/29 MP: 6/6
  1256 | D:1      | Killed from afar by a dart slug

Illustrated notes

Levels and vault maps discovered:
D:1:      mrwooster_arrival_statue_3, layout_basic, minmay_cupped

Action                   || total
-------------------------++-------
Melee: Mace              ||    98
       Tailslap          ||     7
       Punch             ||     2
Throw: Boomerang         ||     1
 Cast: Blink             ||     1
Armor: Leather armour    ||    55
       Ring mail         ||     5
Dodge: Dodged            ||    67

Table legend: (Time is in decaauts)
 A = Elapsed time spent in this place.
 B = Non-inter-level travel time spent in this place.
 C = Inter-level travel time spent in this place.
 D = Time resting spent in this place.
 E = Time spent auto-exploring this place.
 F = Levels seen in this place.
 G = Mean time per level.
                   A        B        C        D        E       F      G
               +--------+--------+--------+--------+--------+-----+--------+
         Total |   1285 |   1284 |      1 |    179 |    703 |   1 | 1285.0 |
       Dungeon |   1285 |   1284 |      1 |    179 |    703 |   1 | 1285.0 |
               +--------+--------+--------+--------+--------+-----+--------+

Top non-repeatable levels by time:
     D:1: 1285 daAuts
